[Event "45th FIDE Womens Olympiad 2024"]
[Site "Budapest"]
[Date "2024.09.19"]
[Round "8.102"]
[White "Berzina, Ilze"]
[Black "Geske, Bruna"]
[Result "1-0"]
[ECO "B31"]
[WhiteElo "2200"]
[BlackElo "2023"]
[Annotator "RC"]
[PlyCount "75"]
[EventDate "2024.09.05"]
[EventType "team-tourn"]
[EventCountry "HUN"]
[SourceTitle "playchess.com"]
[Source "ChessBase"]
[SourceQuality "1"]
[WhiteTeam "Latvia"]
[BlackTeam "Albania"]
[WhiteTeamCountry "LAT"]
[BlackTeamCountry "ALB"]
[TimeControl "40/5400+30:1800+30"]

1. e4 c5 2. Nf3 Nc6 3. Bb5 g6 4. O-O Bg7 5. c3 Nf6 6. Re1 O-O 7. d4 cxd4 8. cxd4 d5 9. e5 Ne4 10. Nc3 Nxc3 11. bxc3 Na5 12. Bg5 Bf5 13. Nh4 Be6 14. Qc1 a6 15. Bd3 Rc8 16. Qd2 Rc6 17. Rac1 Nc4 18. Bxc4 Rxc4 19. Bh6 Qd7 20. Bxg7 Kxg7 21. f4 Rfc8 22. Re3 b5 23. Rf1 b4 24. f5 bxc3 25. fxe6 Qxe6 26. Qc2 Rxd4 27. Nf3 Rdc4 28. Ng5 Qb6 29. Qf2 Rf8 30. Nxh7 c2 31. Nxf8 c1=Q 32. Qxf7+ Kh6 33. Qh7+ Kg5 34. Qxe7+ Kh6 35. Qh7+ Kg5 36. Ne6+ Qxe6 37. Rg3+ Rg4 38. h4# 1-0

[Event "45th FIDE Womens Olympiad 2024"]
[Site "Budapest"]
[Date "2024.09.19"]
[Round "8.103"]
[White "Caku, Kler"]
[Black "Ter-Avetisjana, Agnesa Stepania"]
[Result "0-1"]
[ECO "B13"]
[WhiteElo "1859"]
[BlackElo "2134"]
[Annotator "NA RC"]
[PlyCount "96"]
[EventDate "2024.09.05"]
[EventType "team-tourn"]
[EventCountry "HUN"]
[SourceTitle "playchess.com"]
[Source "ChessBase"]
[SourceQuality "1"]
[WhiteTeam "Albania"]
[BlackTeam "Latvia"]
[WhiteTeamCountry "ALB"]
[BlackTeamCountry "LAT"]
[TimeControl "40/5400+30:1800+30"]

1. e4 c6 2. d4 d5 3. exd5 cxd5 4. Bd3 Nc6 5. c3 Nf6 6. h3 g6 7. Ne2 Bf5 8. Bxf5 gxf5 9. Bf4 e6 10. Nd2 Bd6 11. Nf3 Ne4 12. Qc1 Rg8 13. O-O Ne7 14. Ne5 f6 15. Nd3 Ng6 16. Bxd6 Qxd6 17. Qh6 O-O-O 18. a4 Rd7 19. Kh1 Rdg7 20. Nc5 f4 21. Nxe4 dxe4 22. f3 exf3 23. Rxf3 e5 24. Rf2 Qd5 25. Qh5 Qe4 26. dxe5 fxe5 27. Qg4+ Kb8 28. Ng3 Qc6 29. Nh5 Rf7 30. Re1 Ne7 31. Qe2 Rg5 32. Kh2 f3 33. Rxf3 Rxf3 34. gxf3 Rxh5 35. f4 Rf5 36. fxe5 Qf3 37. Qxf3 Rxf3 38. Kg2 Rf5 39. Kg3 Kc7 40. Kg4 h5+ 41. Kg3 Nc6 42. e6 Kd6 43. Kh4 Ne5 44. e7 Kxe7 45. Re4 Kf6 46. Rb4 b6 47. a5 Ng6+ 48. Kg3 Rxa5 0-1

[Event "45th FIDE Womens Olympiad 2024"]
[Site "Budapest"]
[Date "2024.09.19"]
[Round "8.104"]
[White "Vidruska, Renate"]
[Black "Omeri, Eklea"]
[Result "1-0"]
[ECO "B19"]
[WhiteElo "2035"]
[BlackElo "1962"]
[Annotator "NA RC"]
[PlyCount "71"]
[EventDate "2024.09.05"]
[EventType "team-tourn"]
[EventCountry "HUN"]
[SourceTitle "playchess.com"]
[Source "ChessBase"]
[SourceQuality "1"]
[WhiteTeam "Latvia"]
[BlackTeam "Albania"]
[WhiteTeamCountry "LAT"]
[BlackTeamCountry "ALB"]
[TimeControl "40/5400+30:1800+30"]

1. e4 c6 2. d4 d5 3. Nd2 dxe4 4. Nxe4 Bf5 5. Ng3 Bg6 6. h4 h6 7. Nf3 Nd7 8. h5 Bh7 9. Bd3 Bxd3 10. Qxd3 Ngf6 11. Bd2 e6 12. O-O-O Qc7 13. Ne4 Nxe4 14. Qxe4 Nf6 15. Qe2 O-O-O 16. c4 Bd6 17. g3 Rhe8 18. Bc3 Nd7 19. Ne5 Bxe5 20. dxe5 c5 21. b3 Nb8 22. Qe3 Qe7 23. Rd6 Na6 24. Rhd1 Qg5 25. Qxg5 hxg5 26. Rxd8+ Rxd8 27. Bd2 g4 28. Bg5 Rxd1+ 29. Kxd1 Kd7 30. Bf6 Ke8 31. Bxg7 f5 32. exf6 Kf7 33. f3 gxf3 34. g4 Nb4 35. g5 Nd3 36. g6+ 1-0

[Event "45th FIDE Womens Olympiad 2024"]
[Site "Budapest"]
[Date "2024.09.19"]
[Round "8.105"]
[White "Varela La Madrid, Tilsia Carolina"]
[Black "Narva, Mai"]
[Result "0-1"]
[ECO "B22"]
[WhiteElo "2017"]
[BlackElo "2420"]
[Annotator "TA"]
[PlyCount "88"]
[EventDate "2024.09.05"]
[EventType "team-tourn"]
[EventCountry "HUN"]
[SourceTitle "playchess.com"]
[Source "ChessBase"]
[SourceQuality "1"]
[WhiteTeam "Venezuela"]
[BlackTeam "Estonia"]
[WhiteTeamCountry "VEN"]
[BlackTeamCountry "EST"]
[TimeControl "40/5400+30:1800+30"]

1. e4 c5 2. c3 Nf6 3. e5 Nd5 4. Nf3 e6 5. d4 cxd4 6. cxd4 d6 7. Nc3 Nxc3 8. bxc3 Qc7 9. Bd2 Nd7 10. exd6 Bxd6 11. Bd3 O-O 12. O-O b6 13. Qc2 h6 14. Bh7+ Kh8 {White must now prevent ...g6. Black is slightly better.} 15. Be4 Bb7 16. Bxb7 Qxb7 17. Rfe1 Rac8 18. Rab1 Qd5 {White is on the road to losing.} 19. Qa4 (19. Be3 $15) 19... Rc4 $17 20. Qb3 Rfc8 21. Rbc1 Qc6 {Black is more active.} 22. h3 Nf6 23. Ne5 Bxe5 24. Rxe5 Ne4 25. Qd1 Nxd2 26. Qxd2 Rxc3 27. Rce1 Rc1 28. Qf4 Qc3 29. Kf1 Kg8 30. g3 Qc4+ 31. Kg2 Rxe1 32. Rxe1 Qxa2 $19 {[%mdl 4096] Endgame. KQR-KQR} 33. Re5 (33. Qd6 $142) 33... Qc4 34. Qe3 Rd8 35. Re4 a5 36. Kh2 b5 37. Rg4 f5 38. Rh4 Kh7 {[#] ...b4 is the strong threat.} 39. Rf4 b4 40. g4 b3 {...b2 would now be deadly.} 41. gxf5 b2 42. fxe6 b1=Q {Black mates.} 43. e7 Re8 44. Qe5 Qcf1 {Weighted Error Value: White=0.71/Black=0.06 (flawless) .  Mistake:       	White=2     	---        Inaccurate:     	White=4     	Black=1      OK:         	White=4     	Black=18} 0-1

[Event "45th FIDE Womens Olympiad 2024"]
[Site "Budapest"]
[Date "2024.09.19"]
[Round "8.106"]
[White "Olde, Margareth"]
[Black "Rovira Contreras, Tairu Manuela"]
[Result "1/2-1/2"]
[ECO "E11"]
[WhiteElo "2135"]
[BlackElo "2022"]
[Annotator "RC"]
[PlyCount "122"]
[EventDate "2024.09.05"]
[EventType "team-tourn"]
[EventCountry "HUN"]
[SourceTitle "playchess.com"]
[Source "ChessBase"]
[SourceQuality "1"]
[WhiteTeam "Estonia"]
[BlackTeam "Venezuela"]
[WhiteTeamCountry "EST"]
[BlackTeamCountry "VEN"]
[TimeControl "40/5400+30:1800+30"]

1. d4 d5 2. Nf3 Nf6 3. c4 e6 4. g3 Bb4+ 5. Bd2 Be7 6. Bg2 O-O 7. O-O c6 8. Qc2 Nbd7 9. Bf4 h6 10. Rd1 g5 11. Bc1 Ne4 12. Ne5 f5 13. Ng6 Rf7 14. Nxe7+ Qxe7 15. b3 h5 16. f3 Nd6 17. Ba3 Nf6 18. Qd2 Nfe8 19. Qd3 Qd8 20. Nc3 Nc7 21. e4 Rb8 22. cxd5 exd5 23. exd5 cxd5 24. Qe3 f4 25. Qe5 Nde8 26. Re1 Be6 27. gxf4 Rf5 28. Qe2 Rxf4 29. Bc1 Rf7 30. Kh1 Qf6 31. Qe5 Rg7 32. Ba3 Rd8 33. Rac1 h4 34. h3 Qf7 35. Nd1 Qf5 36. Nf2 Qxe5 37. Rxe5 Kf7 38. Ng4 Nb5 39. Bb2 a6 40. Rce1 Nec7 41. Bf1 Re8 42. Bd3 Na7 43. Bf5 Nc6 44. Bxe6+ Rxe6 45. Rf5+ Ke7 46. Ba3+ Kd7 47. Nf6+ Kc8 48. Rxe6 Nxe6 49. Nxd5 Ncxd4 50. Rf6 Kd7 51. Nb6+ Ke8 52. Nc4 Kd7 53. Bb2 Ke7 54. Rh6 Rf7 55. Ne5 Rf5 56. Rh7+ Kd6 57. Nc4+ Kc6 58. Rh6 Kc7 59. Nd2 Kd7 60. Rh7+ Kc6 61. Rh6 Kd7 1/2-1/2

[Event "45th FIDE Womens Olympiad 2024"]
[Site "Budapest"]
[Date "2024.09.19"]
[Round "8.107"]
[White "Otazo Sanchez, Annyd Gabriela"]
[Black "Blokhin, Sofia"]
[Result "0-1"]
[ECO "B22"]
[WhiteElo "1976"]
[BlackElo "2036"]
[Annotator "NA RC"]
[PlyCount "86"]
[EventDate "2024.09.05"]
[EventType "team-tourn"]
[EventCountry "HUN"]
[SourceTitle "playchess.com"]
[Source "ChessBase"]
[SourceQuality "1"]
[WhiteTeam "Venezuela"]
[BlackTeam "Estonia"]
[WhiteTeamCountry "VEN"]
[BlackTeamCountry "EST"]
[TimeControl "40/5400+30:1800+30"]

1. e4 c5 2. c3 Nf6 3. e5 Nd5 4. d4 cxd4 5. cxd4 e6 6. Nf3 d6 7. Bc4 Be7 8. O-O O-O 9. Nc3 Nxc3 10. bxc3 dxe5 11. Nxe5 Nd7 12. Nxf7 Rxf7 13. Bxe6 Nf6 14. Bxf7+ Kxf7 15. c4 Qc7 16. Qe2 Bd6 17. h3 Be6 18. d5 Bf5 19. Be3 Re8 20. Rac1 b6 21. Rfe1 Qd7 22. Qf3 Be4 23. Qe2 Qf5 24. f3 Bd3 25. Qf2 Bb4 26. Bd2 Bc5 27. Be3 Rxe3 28. Rxe3 Qf4 29. Rce1 Bxc4 30. g3 Qd6 31. Kg2 Nxd5 32. Qc2 Nxe3+ 33. Rxe3 Bxe3 34. Qxc4+ Kf8 35. Qc8+ Ke7 36. Qb7+ Kf6 37. h4 Qd2+ 38. Kh3 Qxa2 39. g4 Qc4 40. g5+ Kg6 41. h5+ Kxh5 42. Qxg7 Qh4+ 43. Kg2 Qxg5+ 0-1

[Event "45th FIDE Womens Olympiad 2024"]
[Site "Budapest"]
[Date "2024.09.19"]
[Round "8.108"]
[White "Narva, Triin"]
[Black "Perez Hernandez, Vicmary C."]
[Result "1-0"]
[ECO "B27"]
[WhiteElo "2066"]
[BlackElo "1960"]
[Annotator "NA RC"]
[PlyCount "57"]
[EventDate "2024.09.05"]
[EventType "team-tourn"]
[EventCountry "HUN"]
[SourceTitle "playchess.com"]
[Source "ChessBase"]
[SourceQuality "1"]
[WhiteTeam "Estonia"]
[BlackTeam "Venezuela"]
[WhiteTeamCountry "EST"]
[BlackTeamCountry "VEN"]
[TimeControl "40/5400+30:1800+30"]

1. e4 c5 2. Nf3 g6 3. c3 Bg7 4. d4 cxd4 5. cxd4 d5 6. e5 Bg4 7. Nc3 e6 8. Nb5 Nc6 9. Nd6+ Kf8 10. Bb5 Nge7 11. O-O Qb6 12. Bxc6 bxc6 13. Nxf7 Rg8 14. h3 Bf5 15. Nd6 h5 16. Ng5 Nc8 17. Nxc8 Rxc8 18. g4 hxg4 19. hxg4 Be4 20. f3 Bf5 21. gxf5 exf5 22. Ne6+ Kf7 23. Nxg7 Kxg7 24. Bg5 Qxb2 25. Rf2 Qa3 26. Rh2 Rb8 27. Rb1 Rxb1 28. Qxb1 Qa6 29. Bf6+ 1-0

[Event "45th FIDE Womens Olympiad 2024"]
[Site "Budapest"]
[Date "2024.09.19"]
[Round "8.109"]
[White "Gomez Barrera, Javiera Belen"]
[Black "Cvitan, Ena"]
[Result "1-0"]
[ECO "B12"]
[WhiteElo "2123"]
[BlackElo "2259"]
[Annotator "RC"]
[PlyCount "125"]
[EventDate "2024.09.05"]
[EventType "team-tourn"]
[EventCountry "HUN"]
[SourceTitle "playchess.com"]
[Source "ChessBase"]
[SourceQuality "1"]
[WhiteTeam "Chile"]
[BlackTeam "Croatia"]
[WhiteTeamCountry "CHI"]
[BlackTeamCountry "CRO"]
[TimeControl "40/5400+30:1800+30"]

1. e4 c6 2. d4 d5 3. e5 Bf5 4. Nc3 Qb6 5. g4 Bd7 6. Na4 Qc7 7. a3 b6 8. Nc3 e6 9. f4 a6 10. Nf3 c5 11. Be3 h5 12. gxh5 Nh6 13. Bh3 Nc6 14. Ne2 Rc8 15. c3 Na5 16. Ng3 Nc4 17. Bc1 Nf5 18. Bxf5 exf5 19. Qd3 Na5 20. Be3 Nc4 21. Bc1 Na5 22. Rb1 Nb3 23. Be3 c4 24. Qc2 Rb8 25. Nxf5 Rxh5 26. Ng3 Rh3 27. Ng5 Rh8 28. f5 f6 29. Nf3 Be7 30. O-O Rb7 31. Rbe1 Kd8 32. Bf4 Qc6 33. Qe2 Bc8 34. Kg2 b5 35. Rh1 a5 36. h4 b4 37. axb4 axb4 38. h5 Ra7 39. Kg1 Ra2 40. exf6 Bxf6 41. Ne5 Qb7 42. h6 gxh6 43. Ng4 Nxd4 44. cxd4 Bxd4+ 45. Be3 Rxb2 46. Qf3 Bxe3+ 47. Qxe3 Rg8 48. Rxh6 Bd7 49. Rg6 Re8 50. Qg5+ Kc8 51. Rxe8+ Bxe8 52. Re6 Bd7 53. Re1 Qa7+ 54. Ne3 Qd4 55. Qg8+ Kc7 56. Qxd5 Qxd5 57. Nxd5+ Kd6 58. f6 Be6 59. Nf4 Bf7 60. Nf5+ Kc6 61. Nh6 c3 62. Nxf7 c2 63. Ne5+ 1-0

[Event "45th FIDE Womens Olympiad 2024"]
[Site "Budapest"]
[Date "2024.09.19"]
[Round "8.110"]
[White "Medic, Mirjana"]
[Black "Abarca Gonzalez, Damaris"]
[Result "1/2-1/2"]
[ECO "D12"]
[WhiteElo "2101"]
[BlackElo "1991"]
[Annotator "NA RC"]
[PlyCount "115"]
[EventDate "2024.09.05"]
[EventType "team-tourn"]
[EventCountry "HUN"]
[SourceTitle "playchess.com"]
[Source "ChessBase"]
[SourceQuality "1"]
[WhiteTeam "Croatia"]
[BlackTeam "Chile"]
[WhiteTeamCountry "CRO"]
[BlackTeamCountry "CHI"]
[TimeControl "40/5400+30:1800+30"]

1. d4 d5 2. c4 c6 3. e3 Nf6 4. Nf3 Bf5 5. Nc3 e6 6. Nh4 Be4 7. f3 Bg6 8. Qb3 Qc7 9. Bd2 dxc4 10. Bxc4 b5 11. Be2 Nbd7 12. Rc1 Qb6 13. Nxg6 hxg6 14. Ne4 a6 15. Qc2 Nxe4 16. Qxe4 Rc8 17. b4 Bd6 18. f4 Nf6 19. Qd3 Nd5 20. a3 g5 21. g3 gxf4 22. exf4 g6 23. Bf3 Kd7 24. h4 Qd8 25. Kf2 Qf6 26. Kg2 Bb8 27. Qe4 Ba7 28. Be3 Qf5 29. Bf2 Qxe4 30. Bxe4 Bb6 31. Kf3 a5 32. bxa5 Bxa5 33. Rc2 Bb6 34. Rhc1 Rc7 35. Bxd5 cxd5 36. Rxc7+ Bxc7 37. Rc3 Ra8 38. Rb3 Kc6 39. Be3 Ra4 40. Rd3 Bd6 41. Bc1 Rc4 42. Bd2 Be7 43. Ke3 Rc2 44. Rb3 Rc4 45. Kd3 Bd8 46. Bc3 Kb6 47. Rb1 Ka6 48. Bb4 Bb6 49. Bc3 Ba5 50. Bb4 Bb6 51. Bc3 Ra4 52. Bb4 Ba5 53. Kc2 Bxb4 54. axb4 Kb6 55. Kb3 Ra8 56. Rc1 Rh8 57. Rc3 Ra8 58. Rc1 1/2-1/2

[Event "45th FIDE Womens Olympiad 2024"]
[Site "Budapest"]
[Date "2024.09.19"]
[Round "8.111"]
[White "Jorquera Cabello, Valentina"]
[Black "Berke, Ana"]
[Result "1/2-1/2"]
[ECO "B52"]
[WhiteElo "1919"]
[BlackElo "2093"]
[Annotator "NA RC"]
[PlyCount "113"]
[EventDate "2024.09.05"]
[EventType "team-tourn"]
[EventCountry "HUN"]
[SourceTitle "playchess.com"]
[Source "ChessBase"]
[SourceQuality "1"]
[WhiteTeam "Chile"]
[BlackTeam "Croatia"]
[WhiteTeamCountry "CHI"]
[BlackTeamCountry "CRO"]
[TimeControl "40/5400+30:1800+30"]

1. e4 c5 2. Nf3 d6 3. Bb5+ Bd7 4. Bxd7+ Qxd7 5. c4 e5 6. O-O g6 7. d3 Bg7 8. Bd2 Nc6 9. a3 a5 10. Nc3 Rb8 11. Nd5 h6 12. Qa4 b6 13. b4 Nge7 14. bxa5 Nxd5 15. cxd5 Nxa5 16. Qxd7+ Kxd7 17. Rab1 f5 18. Bxa5 bxa5 19. Nd2 a4 20. f3 Bf6 21. Rxb8 Rxb8 22. Rb1 Rxb1+ 23. Nxb1 Bg5 24. h4 Bxh4 25. Nc3 Bg5 26. Nxa4 fxe4 27. fxe4 Be3+ 28. Kh2 c4 29. dxc4 Bc1 30. c5 dxc5 31. Nxc5+ Kd6 32. Ne6 Bxa3 33. Kg3 Ke7 34. Nc7 Bd6 35. Nb5 Bc5 36. Kf3 Bb6 37. Ke2 Bc5 38. Kd3 Bd6 39. Nc3 Bb4 40. Na4 Bd6 41. Kc4 h5 42. Kb5 Kd7 43. Nb6+ Kc7 44. Nc4 Kd7 45. Kb6 Bb8 46. Nd2 Bc7+ 47. Kc5 Bd6+ 48. Kb6 Bc7+ 49. Kb5 Bb8 50. Nf3 Bd6 51. Nh4 g5 52. Nf5 g4 53. Kc4 Be7 54. Kd3 Bg5 55. g3 Bf6 56. Ke2 Bh8 57. Kf2 1/2-1/2

[Event "45th FIDE Womens Olympiad 2024"]
[Site "Budapest"]
[Date "2024.09.19"]
[Round "8.112"]
[White "Vujnovic, Patricija"]
[Black "Romero Troncoso, Liset Anais"]
[Result "1-0"]
[ECO "E71"]
[WhiteElo "2134"]
[BlackElo "1834"]
[Annotator "RC"]
[PlyCount "131"]
[EventDate "2024.09.05"]
[EventType "team-tourn"]
[EventCountry "HUN"]
[SourceTitle "playchess.com"]
[Source "ChessBase"]
[SourceQuality "1"]
[WhiteTeam "Croatia"]
[BlackTeam "Chile"]
[WhiteTeamCountry "CRO"]
[BlackTeamCountry "CHI"]
[TimeControl "40/5400+30:1800+30"]

1. d4 Nf6 2. c4 g6 3. Nc3 Bg7 4. e4 d6 5. h3 O-O 6. Be3 Na6 7. g4 e5 8. d5 Nc5 9. f3 a5 10. Qd2 Bd7 11. Nge2 Qe8 12. Ng3 Na4 13. h4 Nxc3 14. Qxc3 c6 15. g5 Nh5 16. Nxh5 gxh5 17. Qd2 c5 18. O-O-O b5 19. Kb1 Qb8 20. Rc1 Qb6 21. cxb5 Bxb5 22. Rc3 Ba4 23. Rc4 Bb5 24. Rc3 Ba4 25. Bd3 Rfb8 26. Rhc1 Bf8 27. Ka1 Qa7 28. Qe2 Bg7 29. Ra3 Bd7 30. Bc4 Qb6 31. Rb3 Qa7 32. Rcc3 Rb4 33. a3 Rxb3 34. Rxb3 Ba4 35. Rc3 Rb8 36. Bc1 Rb6 37. Kb1 Qb8 38. Re3 Bd7 39. Ka2 Rb7 40. Rb3 Rxb3 41. Bxb3 Qb5 42. Bc4 Qb6 43. Bd2 f6 44. b3 a4 45. Qd1 Qa7 46. bxa4 Bxa4 47. Qb1 Kf7 48. Bb5 Bxb5 49. Qxb5 Ke7 50. Kb3 fxg5 51. Bxg5+ Bf6 52. Bxf6+ Kxf6 53. a4 Ke7 54. a5 c4+ 55. Kb4 c3 56. Kxc3 Qd4+ 57. Kc2 Qf2+ 58. Kc3 Qxf3+ 59. Qd3 Qf2 60. a6 Qe1+ 61. Kb3 Qa5 62. Qc4 Qb6+ 63. Ka4 Qb1 64. Qc7+ Ke8 65. Qc8+ Ke7 66. Qb7+ 1-0

[Event "45th FIDE Womens Olympiad 2024"]
[Site "Budapest"]
[Date "2024.09.19"]
[Round "8.113"]
[White "Movsesian, Julia"]
[Black "Ptacnikova, Lenka"]
[Result "1-0"]
[ECO "B47"]
[WhiteElo "2198"]
[BlackElo "2065"]
[Annotator "RC"]
[PlyCount "165"]
[EventDate "2024.09.05"]
[EventType "team-tourn"]
[EventCountry "HUN"]
[SourceTitle "playchess.com"]
[Source "ChessBase"]
[SourceQuality "1"]
[WhiteTeam "Czech Republic"]
[BlackTeam "Iceland"]
[WhiteTeamCountry "CZE"]
[BlackTeamCountry "ISL"]
[TimeControl "40/5400+30:1800+30"]

1. e4 c5 2. Nf3 e6 3. d4 cxd4 4. Nxd4 Nc6 5. a3 Nf6 6. Nc3 Qc7 7. Be2 a6 8. O-O Nxd4 9. Qxd4 Bc5 10. Qd3 h6 11. Be3 b5 12. Bf3 Bxe3 13. Qxe3 e5 14. Rfd1 Bb7 15. Rd2 O-O 16. Rad1 Rfc8 17. Be2 Qc5 18. Qxc5 Rxc5 19. f3 Rac8 20. Rd6 R5c6 21. Rxc6 Rxc6 22. Rd2 Kf8 23. Nd1 g6 24. Ne3 Ke7 25. c4 Rb6 26. c5 Rc6 27. b4 Rc8 28. Bd1 Bc6 29. Bb3 h5 30. h4 Ra8 31. Nd5+ Bxd5 32. Bxd5 Ra7 33. Kh2 a5 34. a4 bxa4 35. b5 Nxd5 36. exd5 Rb7 37. d6+ Kd8 38. b6 Rb8 39. Ra2 Kc8 40. Rxa4 Ra8 41. Kg3 Kb7 42. f4 exf4+ 43. Kxf4 Kc6 44. Kg5 Kxc5 45. b7 Rb8 46. Rxa5+ Kxd6 47. Kf6 Rxb7 48. Kxf7 Rb4 49. g3 Rg4 50. Rg5 Rxg5 51. hxg5 Kc5 52. Kxg6 d5 53. Kxh5 d4 54. g6 d3 55. g7 d2 56. g8=Q d1=Q+ 57. Qg4 Qh1+ 58. Kg5 Qh8 59. Qf5+ Kb4 60. g4 Ka3 61. Qa5+ Kb3 62. Qb6+ Ka2 63. Qe6+ Ka3 64. Kg6 Qd8 65. g5 Qd3+ 66. Kh6 Qd2 67. Qe7+ Ka4 68. Qe5 Ka3 69. Kh7 Qd7+ 70. Kg8 Qc8+ 71. Kf7 Qc4+ 72. Kg7 Ka4 73. g6 Qc8 74. Qe4+ Ka5 75. Qe1+ Ka4 76. Qh4+ Ka3 77. Qg3+ Ka4 78. Kh7 Qf5 79. Kh6 Qf6 80. Qg4+ Ka3 81. Kh7 Qe7+ 82. g7 Qc7 83. Qf3+ 1-0

[Event "45th FIDE Womens Olympiad 2024"]
[Site "Budapest"]
[Date "2024.09.19"]
[Round "8.114"]
[White "Johannsdottir, Johanna Bjorg"]
[Black "Kanakova, Natalie"]
[Result "1/2-1/2"]
[ECO "B20"]
[WhiteElo "2013"]
[BlackElo "2145"]
[Annotator "NA RC"]
[PlyCount "78"]
[EventDate "2024.09.05"]
[EventType "team-tourn"]
[EventCountry "HUN"]
[SourceTitle "playchess.com"]
[Source "ChessBase"]
[SourceQuality "1"]
[WhiteTeam "Iceland"]
[BlackTeam "Czech Republic"]
[WhiteTeamCountry "ISL"]
[BlackTeamCountry "CZE"]
[TimeControl "40/5400+30:1800+30"]

1. e4 c5 2. b3 Nc6 3. Bb2 d6 4. Bb5 e5 5. Nc3 Nf6 6. Nge2 Be7 7. O-O O-O 8. Bxc6 bxc6 9. f4 exf4 10. Nxf4 Ng4 11. Nce2 Bf6 12. Bxf6 Nxf6 13. Ng3 d5 14. exd5 cxd5 15. Nfh5 Ne4 16. d4 Qg5 17. Qc1 Qh4 18. Qf4 Qxf4 19. Rxf4 cxd4 20. Nxe4 dxe4 21. Rxe4 Bf5 22. Rxd4 Bxc2 23. Re1 Bf5 24. Re7 Rfc8 25. Rd2 Kf8 26. Rb7 a6 27. Ng3 Be6 28. h3 Rd8 29. Rf2 Kg8 30. Nh5 Rdb8 31. Rc7 Rc8 32. Rb7 Rcb8 33. Rc7 h6 34. Nf4 Bf5 35. Nd5 Be4 36. Nc3 Bg6 37. Nd5 Be4 38. Nc3 Bg6 39. Nd5 Be4 1/2-1/2

[Event "45th FIDE Womens Olympiad 2024"]
[Site "Budapest"]
[Date "2024.09.19"]
[Round "8.115"]
[White "Rodshtein, Tereza"]
[Black "Thorsteinsdottir, Hallgerdur"]
[Result "1-0"]
[ECO "B12"]
[WhiteElo "2149"]
[BlackElo "1938"]
[Annotator "NA RC"]
[PlyCount "91"]
[EventDate "2024.09.05"]
[EventType "team-tourn"]
[EventCountry "HUN"]
[SourceTitle "playchess.com"]
[Source "ChessBase"]
[SourceQuality "1"]
[WhiteTeam "Czech Republic"]
[BlackTeam "Iceland"]
[WhiteTeamCountry "CZE"]
[BlackTeamCountry "ISL"]
[TimeControl "40/5400+30:1800+30"]

1. e4 c6 2. d4 d5 3. e5 Bf5 4. h4 h5 5. Bd3 Bxd3 6. Qxd3 Qa5+ 7. b4 Qa6 8. Qb3 e6 9. Bd2 Nh6 10. a4 Nf5 11. Nf3 b6 12. Na3 Be7 13. g3 O-O 14. b5 Qb7 15. O-O c5 16. c3 Nd7 17. Rfe1 Rfc8 18. Bg5 Bf8 19. Qd1 g6 20. Nc2 a5 21. Ne3 Ng7 22. g4 cxd4 23. cxd4 Rc3 24. Kh1 Rac8 25. Rg1 hxg4 26. Rxg4 Qc7 27. Rg1 Nh5 28. Nh2 Ba3 29. Nhg4 Nf8 30. Qf3 Nh7 31. Bf6 Bf8 32. Rad1 Ra8 33. Nh2 N7xf6 34. exf6 Kh7 35. Rg5 Rc1 36. Rxc1 Qxc1+ 37. Rg1 Qc7 38. Nhg4 Rc8 39. Ne5 Bh6 40. N3g4 Bf4 41. Nc6 Qd6 42. Nge5 Rc7 43. Nxg6 fxg6 44. Qd3 Bg3 45. Ne5 Kh8 46. Qxg6 1-0

[Event "45th FIDE Womens Olympiad 2024"]
[Site "Budapest"]
[Date "2024.09.19"]
[Round "8.116"]
[White "Briem, Gudrun Fanney"]
[Black "Korenova, Martina"]
[Result "1/2-1/2"]
[ECO "E94"]
[WhiteElo "1764"]
[BlackElo "2104"]
[Annotator "NA RC"]
[PlyCount "105"]
[EventDate "2024.09.05"]
[EventType "team-tourn"]
[EventCountry "HUN"]
[SourceTitle "playchess.com"]
[Source "ChessBase"]
[SourceQuality "1"]
[WhiteTeam "Iceland"]
[BlackTeam "Czech Republic"]
[WhiteTeamCountry "ISL"]
[BlackTeamCountry "CZE"]
[TimeControl "40/5400+30:1800+30"]

1. d4 g6 2. c4 Bg7 3. Nc3 d6 4. e4 Nf6 5. Be2 Nbd7 6. Nf3 e5 7. dxe5 dxe5 8. Be3 O-O 9. O-O c6 10. b4 Ng4 11. Bg5 f6 12. Bd2 f5 13. Bg5 Qe8 14. Nd2 h6 15. Bh4 Ngf6 16. exf5 gxf5 17. c5 e4 18. Qb3+ Kh8 19. Nc4 Qg6 20. f3 Nd5 21. Rac1 Nf4 22. Bg3 Bd4+ 23. Kh1 Nh5 24. fxe4 Nxg3+ 25. hxg3 Nf6 26. Rcd1 Nh5 27. Rxd4 Nxg3+ 28. Kg1 Nxf1 29. Bxf1 f4 30. Ne5 Qg7 31. Nf3 Bg4 32. Ne2 Rg8 33. Rd6 Rae8 34. Nxf4 Rxe4 35. Rg6 Qf8 36. Rxg8+ Qxg8 37. Qxg8+ Kxg8 38. Nd3 Be6 39. a3 Bd5 40. Kf2 Kg7 41. Be2 Kf6 42. Nd2 Re7 43. Nf4 Bg8 44. Kf3 b6 45. Ne4+ Kg7 46. Nd6 Kf6 47. Ne4+ Kg7 48. Bd3 Rd7 49. cxb6 axb6 50. Nh5+ Kf8 51. Nf4 Ra7 52. Ng6+ Kg7 53. Ne5 1/2-1/2

[Event "45th FIDE Womens Olympiad 2024"]
[Site "Budapest"]
[Date "2024.09.19"]
[Round "8.117"]
[White "Nassr, Lina"]
[Black "Zherebtsova, Alexandra"]
[Result "0-1"]
[ECO "C00"]
[WhiteElo "2010"]
[BlackElo "2239"]
[Annotator "RC"]
[PlyCount "132"]
[EventDate "2024.09.05"]
[EventType "team-tourn"]
[EventCountry "HUN"]
[SourceTitle "playchess.com"]
[Source "ChessBase"]
[SourceQuality "1"]
[WhiteTeam "Algeria"]
[BlackTeam "Montenegro"]
[WhiteTeamCountry "ALG"]
[BlackTeamCountry "MNE"]
[TimeControl "40/5400+30:1800+30"]

1. c4 e6 2. e4 d5 3. exd5 exd5 4. cxd5 Nf6 5. Bb5+ Nbd7 6. Nc3 Be7 7. Nf3 O-O 8. O-O Nb6 9. d4 Bg4 10. h3 Bh5 11. g4 Bg6 12. Ne5 Nfxd5 13. Be2 Nxc3 14. bxc3 Be4 15. f3 Bd5 16. c4 Be6 17. d5 Bc8 18. f4 Bc5+ 19. Kh2 f6 20. Nf3 c6 21. dxc6 Qc7 22. a4 a5 23. Nd2 bxc6 24. Nb3 Bb4 25. c5 Nd5 26. Bc4 Be6 27. Qf3 Rab8 28. Ra2 Bf7 29. Rc2 Rfe8 30. Re2 Nc3 31. Bxf7+ Qxf7 32. Rxe8+ Rxe8 33. Nd4 Nxa4 34. Qxc6 Nxc5 35. Rf2 Nd3 36. Rg2 g6 37. Nb5 Qe6 38. Qxe6+ Rxe6 39. Bd2 Rb6 40. Nd4 Bxd2 41. Rxd2 Nxf4 42. Kg3 g5 43. Rc2 Rb4 44. Rc8+ Kf7 45. Rc7+ Ke8 46. Nf3 h5 47. gxh5 Nxh5+ 48. Kf2 Nf4 49. Kg3 a4 50. Ra7 Ng6 51. Nd2 Rd4 52. Nf3 Rf4 53. Ra6 Kf7 54. Ra7+ Ke6 55. Ra6+ Kf5 56. Ra5+ Ne5 57. Nd2 Rd4 58. Nf1 Ke4 59. Kf2 Kd3 60. Ng3 Rf4+ 61. Kg2 Nc4 62. Rd5+ Rd4 63. Rb5 a3 64. Rb8 Rd5 65. Nh1 a2 66. Nf2+ Kc2 0-1